[Event "13th London Chess Classic 2023"]
[Site "London"]
[Date "2023.12.04"]
[Round "4.5"]
[White "Gukesh D"]
[Black "Moussard, Jules"]
[Result "0-1"]
[ECO "C42"]
[WhiteElo "2746"]
[BlackElo "2639"]
[Annotator "TA"]
[PlyCount "66"]
[EventDate "2023.11.27"]
[EventType "tourn"]
[EventCountry "ENG"]
[SourceTitle "playchess.com"]
[Source "ChessBase"]
[SourceQuality "1"]
[TimeControl "40/5400+30:1800+30"]

1. e4 e5 2. Nf3 Nf6 3. Nxe5 d6 4. Nf3 Nxe4 5. Nc3 Nxc3 6. dxc3 Be7 7. Be3 O-O 8. Qd2 {[%emt 0:00:05] C42: Petroff Defence: 3 Nxe5 and unusual White 3rd moves.} Nd7 9. O-O-O Nf6 10. Bd3 {[%emt 0:00:17] White has an edge.} Re8 $1 {[%emt 0:01:17][%mdl 4] [#] is currently scoring better than 10...c5.} 11. a3 $5 $146 {[%emt 0:12:50][%mdl 8] An interesting novelty.} ({Predecessor:} 11. Rhe1 Bg4 12. h3 Bxf3 13. gxf3 d5 14. h4 Bf8 15. Rg1 Kh8 16. h5 h6 17. Rg2 {0-1 Aronian,L (2742)-Nepomniachtchi,I (2779) Julius Baer Rapid Div 2 W 2023 (5.2)}) 11... d5 12. Rhe1 Bg4 13. h3 Bxf3 14. gxf3 Qd7 15. Rg1 Qxh3 (15... Qd6 {simplifies} 16. Kb1 a6 17. c4 dxc4 18. Bxc4 Qxd2 19. Rxd2 Rad8) 16. Bd4 {[%emt 0:13:31][%cal Og1g7] Rxg7+! would be deadly.} g6 17. Qf4 $36 {[%emt 0:09:38][%csl LRc7,LRf6][%mdl 2048] White has some pressure.} Nh5 18. Qxc7 {[%emt 0:00:06] Strongly threatening Bb5.} (18. Qe5 Bf6 19. Qxd5 c6 $15) 18... Qxf3 ({Black should play} 18... Bf6 $14) 19. Bb5 $16 ({Resist} 19. Qxb7 Rab8 20. Qxa7 Bf6 $16) 19... Rac8 20. Qxb7 Rb8 21. Qa6 Red8 22. Be2 {[%emt 0:06:23] A strong pair of Bishops.} ({But not} 22. Qxa7 $6 Bxa3 23. Qxa3 Rxb5 $14) 22... Qf4+ {[%emt 0:01:45] [#]} 23. Be3 $1 Qe5 24. Qxa7 {[%emt 0:01:21] Hoping for Bxh5.} Nf4 25. Bf3 {[%emt 0:01:29] aiming for Rg4.} Bd6 26. Rd2 $2 {[%emt 0:08:11] [#]} (26. Qd4 $16 {and life is bright.}) 26... Bxa3 $1 $19 27. Rd4 $2 {[%emt 0:05:58] Now White is beyond hope.} (27. Qxa3 $17 Ra8 28. Qxa8 Rxa8 29. Rdd1) 27... Bxb2+ {[%emt 0:00:43] Black is clearly winning.} 28. Kd2 Ne6 29. Rd3 {[%emt 0:00:55] [#]} Bxc3+ $1 {[%emt 0:00:46][%mdl 576] Remove Defender, Decoy} 30. Rxc3 (30. Ke2 Nf4+) 30... d4 31. Rd3 dxe3+ 32. Qxe3 Rxd3+ 33. cxd3 {[%emt 0:00:05] [#]} Nd4 $1 {[%emt 0:00:54] A superb game by Moussard.   Weighted Error Value: White=0.82/Black=0.10 (very precise)} 0-1

[Event "13th London Chess Classic 2023"]
[Site "London"]
[Date "2023.12.05"]
[Round "5.1"]
[White "Moussard, Jules"]
[Black "Volokitin, Andrei"]
[Result "1/2-1/2"]
[ECO "A29"]
[WhiteElo "2639"]
[BlackElo "2660"]
[Annotator "TA"]
[PlyCount "84"]
[EventDate "2023.11.27"]
[EventType "tourn"]
[EventCountry "ENG"]
[SourceTitle "playchess.com"]
[Source "ChessBase"]
[SourceQuality "1"]
[TimeControl "40/5400+30:1800+30"]

1. c4 Nf6 2. Nc3 e5 3. Nf3 Nc6 4. g3 d5 5. cxd5 Nxd5 6. Bg2 Nf6 7. O-O h6 $1 {[%emt 0:00:19][%mdl 4] is more profitable than 7...Be7 at the moment. A29: English Opening: Four Knights Variation with 4 g3.} 8. a3 a6 9. b4 {[%emt 0:06:12] [#]} Bd6 $146 {[%emt 0:03:28] White is slightly better.} ({Predecessor:} 9... Bg4 10. Bb2 Qd7 11. Rc1 Bh3 12. Na4 Bxg2 13. Kxg2 Qd5 14. d3 Qe6 15. e4 Rd8 {½-½ Holm,K (2488)-Sivuk,V (2461) Gothenburg Kvibergspelen 2023 (5)}) 10. d4 O-O 11. d5 Na7 12. Nd2 Nb5 13. Bb2 Nxc3 14. Bxc3 Bg4 15. h3 Bh5 16. Nc4 Re8 17. Rc1 Bg6 18. Qb3 Be4 19. Rfd1 Qd7 20. Nxd6 (20. Qb2 {seems wilder.} Bxg2 21. Kxg2 Ne4 22. f3) 20... Bxg2 {[%emt 0:03:40] The position is equal.} 21. Nxe8 Qxh3 {[%emt 0:00:08][%csl Gg2][%cal Rh3h1] [#]} 22. Nxf6+ (22. Nxc7 $2 Qh1#) 22... gxf6 23. f3 Bf1 24. Rxf1 Qxg3+ 25. Kh1 {[%emt 0:00:01] [#] aiming for Rg1.} Qh3+ (25... Kh8 $5 26. Qc4 $8 (26. Be1 {leads to mate.} Qh3+ 27. Kg1 Rg8+ 28. Kf2 Qh4+ 29. Ke3 Qd4#) 26... Rg8 $11) 26. Kg1 Qg3+ 27. Kh1 {[%emt 0:00:01] Threatens to win with Rg1.} Kh8 {[%emt 0:02:31] ( -> ...Qh4+)} 28. Qc4 {[%emt 0:00:43] Inhibits Qh4+.} (28. Be1 {is a self mate.} Qh3+ 29. Kg1 Rg8+ 30. Kf2 Qh4+ 31. Ke3 Qd4#) 28... Qh3+ (28... Rg8 $5 29. Qg4 $8 (29. Qxc7 $2 Qh4#) 29... Rxg4 30. fxg4 Qh4+ 31. Kg2 Qxg4+ 32. Kf2 Qf4+ 33. Kg2 Qg4+ 34. Kf2 Qf4+ 35. Kg2 Qg4+ $11) 29. Kg1 Qg3+ 30. Kh1 Rg8 {[%emt 0:02:25][%cal Rg3h3] Prevents Qg4} 31. Qg4 {[%emt 0:00:12] Dodges Qh3+} Rxg4 32. fxg4 Qh3+ 33. Kg1 {[%emt 0:00:05] Strongly threatening Rf3.} Qg3+ 34. Kh1 {[%emt 0:00:02] Rf3 would be deadly.} Qh4+ 35. Kg1 {[%emt 0:00:25] Hoping for Rf2.} Qxg4+ 36. Kh1 Qe4+ 37. Kg1 Qg4+ 38. Kh1 Qh3+ 39. Kg1 {[%emt 0:00:01] Black must now prevent Rf3.} Qg3+ 40. Kh1 Qh4+ 41. Kg1 Qg5+ 42. Kh1 Qh5+ {[%emt 0:01:53] Weighted Error Value: White=0.05 (flawless) /Black=0.03 (flawless)} 1/2-1/2

[Event "13th London Chess Classic 2023"]
[Site "London"]
[Date "2023.12.05"]
[Round "5.2"]
[White "Adams, Michael"]
[Black "Gukesh D"]
[Result "1/2-1/2"]
[ECO "B30"]
[WhiteElo "2670"]
[BlackElo "2746"]
[Annotator "TA"]
[PlyCount "107"]
[EventDate "2023.11.27"]
[EventType "tourn"]
[EventCountry "ENG"]
[SourceTitle "playchess.com"]
[Source "ChessBase"]
[SourceQuality "1"]
[TimeControl "40/5400+30:1800+30"]

1. e4 c5 2. Nf3 Nc6 3. Bb5 e6 4. O-O Nge7 5. Re1 b6 6. c3 {[%emt 0:02:27] B30: Sicilian: 2...Nc6 3 Bb5, lines without ...g6.} a6 7. Ba4 c4 8. d4 {[%emt 0:04:20] d5 would be deadly. White is slightly better.} cxd3 $1 9. Qxd3 Ng6 {[%emt 0:00:09] [#]} 10. Nd4 $146 ({Predecessor:} 10. Bc2 Be7 11. a4 Qc7 12. Be3 O-O 13. Qe2 Rb8 14. h3 Bc5 15. Bd3 Bxe3 16. Qxe3 {½-½ Chronopoulos,A (2248)-Boni,R (2264) SM-2022-0-00492}) 10... Qc7 11. Nxc6 dxc6 12. e5 Bb7 13. Nd2 Be7 14. Bc2 c5 (14... Nxe5 15. Qg3 f6 16. Nc4 $16 (16. Qxg7 O-O-O $11)) 15. Nf3 Rd8 16. Qe2 Qc6 17. Kf1 Kd7 (17... O-O $15) 18. Bd3 $14 (18. Bxg6 hxg6 19. Rd1+ Kc8 20. Rxd8+ Bxd8 $17) 18... b5 19. Qc2 (19. Bxg6 hxg6 20. Rd1+ Kc7 21. Rxd8 Rxd8 $15) 19... Kc7 20. Be4 {[%emt 0:00:14] Prevents Qd5} Qd7 21. a4 Bxe4 22. Qxe4 Qd5 23. Qe2 Qd3 24. Qxd3 Rxd3 25. axb5 axb5 26. Be3 Rb8 27. Ra5 Rd5 28. Rea1 Rb7 29. Ra8 {[%emt 0:01:30] Threatens to win with Rg8.} Nf8 (29... Rb8 $11 {remains equal.}) 30. Bg5 {[%emt 0:03:01] White has more active pieces. The black rooks are badly placed.} (30. Re8 $142 $1 Kb6 31. b4) 30... Ng6 {[%emt 0:03:59] Black is weak on the dark squares} 31. Bxe7 Nxe7 32. Rf8 (32. Ng5 $16) 32... Ng6 33. Rg8 Kb6 34. Rxg7 h5 35. Re1 Nf4 36. g3 Nd3 37. Re2 Ra7 38. h4 (38. Rh7 $14) 38... c4 $11 39. Rh7 Rd8 (39... Ra1+ $15 {stays ahead.} 40. Kg2 Ra2) 40. Rd2 (40. Rxh5 Ra1+ 41. Kg2 Ra2) (40. Ng5 $1 $16) 40... Ra2 41. Rxf7 (41. Rxh5 Rxb2 42. Rxb2 Nxb2 $17) 41... Rxb2 42. Re7 Rb1+ (42... Rxd2 $11 43. Rxe6+ (43. Nxd2 Nc5 $11) 43... Kc7 44. Nxd2 Nxf2) 43. Ke2 $1 $16 Rc1 44. Rxe6+ Kc5 45. Ng5 $2 (45. Rh6 $18) 45... b4 {[%emt 0:01:24] [#]} (45... Rxc3 $11 46. Ne4+ Kd5 47. Nxc3+ Kxe6) 46. cxb4+ $1 ({Not} 46. Ne4+ $2 Kd5 47. Ng5 b3 $19) 46... Kxb4 {[%emt 0:00:05] And now ...Re1+ would win.} 47. Nf3 {[%emt 0:02:45] Prevents Re1+. Strongly threatening Rb6+.} Rc3 (47... Rg8 $16 {was necessary.}) 48. Rb6+ $18 Kc5 {[%emt 0:00:39] [#]} 49. Rf6 Re8 50. e6 Nc1+ 51. Kf1 Nd3 52. Ke2 (52. Rf5+ $142 Kb4 53. Re2 (53. Rxh5 Rc1+ 54. Kg2 Rxe6 $16)) 52... Nc1+ $1 53. Kf1 $2 (53. Kd1 {Hoping for Ng5.} Nd3 54. Ke2) 53... Nd3 54. Rd1 {Weighted Error Value: White=0.30/Black=0.24 (precise)} (54. Rf5+ $142 Kb4 55. Re2 (55. Rxh5 Rxe6 56. Kg2 Ra6 $18)) 1/2-1/2

[Event "13th London Chess Classic 2023"]
[Site "London"]
[Date "2023.12.05"]
[Round "5.3"]
[White "McShane, Luke J"]
[Black "Vitiugov, Nikita"]
[Result "1/2-1/2"]
[ECO "B51"]
[WhiteElo "2626"]
[BlackElo "2712"]
[Annotator "TA"]
[PlyCount "57"]
[EventDate "2023.11.27"]
[EventType "tourn"]
[EventCountry "ENG"]
[SourceTitle "playchess.com"]
[Source "ChessBase"]
[SourceQuality "1"]
[TimeControl "40/5400+30:1800+30"]

1. e4 c5 2. Nf3 d6 3. Bb5+ Nd7 4. Ba4 Ngf6 5. d3 e6 6. c4 {[%emt 0:04:21] B51: Sicilian: Moscow Variation (3 Bb5+) without 3...Bd7.} Be7 7. Nc3 O-O 8. O-O {[%emt 0:00:29] The position is equal.} a6 {[%emt 0:10:25] [#]} 9. Ne1 $146 ({Predecessor:} 9. Qe2 Qc7 10. Nd2 Ne5 11. f4 Nc6 12. Bxc6 Qxc6 13. a4 Bd7 14. Nf3 Qc7 15. e5 {½-½ Jones,G (2672)-Keymer,V (2655) Bundesliga 2122 2022 (9.1)}) 9... d5 10. Qe2 {[%emt 0:05:51] [#]} (10. cxd5 $11 exd5 11. Nf3) 10... b5 $1 11. Bc2 (11. Bb3 d4) 11... d4 12. Nd1 e5 13. f4 exf4 14. Bxf4 Bb7 15. Nf2 Re8 16. Nf3 Nf8 17. Bb3 Ng6 18. Bd2 b4 19. Ba4 Rf8 20. Rae1 Bd6 (20... Qc7 $15) 21. Bg5 $1 $11 Bf4 22. Bxf4 Nxf4 23. Qd2 Ng6 24. e5 Nd7 25. Ne4 Nb6 26. Bd1 ({Much weaker is} 26. Nxc5 Bxf3 27. Rxf3 Qe7 $17) 26... Nd7 27. Ba4 {[%emt 0:00:44][%cal Oe5e6] Black must now prevent e6!} (27. Neg5 $5 ) 27... Nb6 28. Bd1 ({Reject} 28. Nxc5 Bxf3 29. Rxf3 Qe7 $17) 28... Nd7 29. Ba4 {[%emt 0:16:06] Weighted Error Value: White=0.12 (very precise) /Black=0.12 (very precise)} (29. Neg5 $14) 1/2-1/2

[Event "13th London Chess Classic 2023"]
[Site "London"]
[Date "2023.12.05"]
[Round "5.4"]
[White "Royal, Shreyas"]
[Black "Bartel, Mateusz"]
[Result "0-1"]
[ECO "D94"]
[WhiteElo "2404"]
[BlackElo "2651"]
[Annotator "TA"]
[PlyCount "114"]
[EventDate "2023.11.27"]
[EventType "tourn"]
[EventCountry "ENG"]
[SourceTitle "playchess.com"]
[Source "ChessBase"]
[SourceQuality "1"]
[TimeControl "40/5400+30:1800+30"]

1. d4 d5 2. c4 c6 3. Nf3 Nf6 4. e3 g6 5. Nc3 Bg7 6. Be2 O-O 7. O-O Be6 8. b3 Ne4 {[%emt 0:00:07] D94: Grünfeld: 4 Nf3 Bg7 5 e3.} 9. Bb2 Nxc3 {[%emt 0:04:31] 9...f5 is setting a new trend.} 10. Bxc3 h6 {[%emt 0:00:08] White is slightly better.} 11. Qc2 {[%emt 0:06:47] [#]} Bf5 $146 ({Predecessor:} 11... Nd7 12. e4 dxe4 13. Qxe4 Qc7 14. h3 b5 15. Rac1 bxc4 16. bxc4 Rab8 17. Qe3 Qb7 {1-0 Andersson,F (2262)-Engqvist,T (2353) SWE-chT 1516 2015 (4.4)}) 12. Qb2 e6 13. Rfc1 g5 14. Nd2 Nd7 15. b4 Rc8 16. a4 Re8 17. b5 c5 18. cxd5 exd5 19. dxc5 (19. Bf3 $5 ) 19... Bxc3 20. Qxc3 {[%emt 0:00:04] Threatens to win with Nb3.} Nxc5 21. Qb4 b6 (21... Qf6 $5 ) 22. Nf3 Qf6 23. Qa3 Ne4 (23... Ne6 {simplifies} 24. h3 h5 25. Rxc8 Rxc8 26. Rc1 Rxc1+ 27. Qxc1 g4) 24. Nd4 Bg6 25. Bf3 {[%emt 0:01:01] Bxe4 would be deadly.} Nxf2 26. Kxf2 (26. Rf1 $1 $14 Nd3 27. Bxd5) 26... g4 {[%emt 0:00:21][%mdl 64] [#] Pin} (26... Rxc1 $5 27. Qxc1 (27. Rxc1 g4 $11 {[%mdl 64] Pin}) 27... g4 $11 {[%mdl 64] Pin}) 27. Rxc8 (27. Rc6 $1 $14 Rxc6 28. bxc6) 27... Rxc8 $11 28. Rc1 Rc4 29. Ke2 gxf3+ $17 30. Nxf3 Bc2 {[%emt 0:05:58] Black is much more active.} 31. Nd4 (31. Qa1 $142 Qf5 32. Qe5) 31... Rxa4 (31... Bxa4 32. Rxc4 Bxb5 33. Nxb5 $16) 32. Qb2 Be4 33. Qb3 {[%emt 0:00:12] Repels Rc4} Rc4 {[%emt 0:00:54] Some like it hot} 34. Rxc4 dxc4 35. Qxc4 Bxg2 {[%emt 0:00:09][%mdl 4096] [#] Endgame ( -> ...Qf1+). KQB-KQN} 36. Qc8+ Kh7 37. Qc2+ Qg6 38. Qc7 Be4 39. Kd2 (39. Qxa7 $15 Qh5+ 40. Kd2) 39... Qg2+ 40. Ke1 Qg1+ 41. Ke2 Bg6 42. Qe5 {[%emt 0:01:27] Wards off Bh5+} Qg2+ 43. Ke1 Qe4 44. Nc6 (44. Qxe4 $17 {was called for.} Bxe4 45. Kf2) 44... Qb1+ $19 45. Kf2 a5 {[%emt 0:03:17] White must now prevent ...a4.} (45... Be4 46. Qf4 $17) 46. Ne7 $2 (46. bxa6 Qc2+ 47. Kg3 Qxc6 48. h4) 46... Bd3 47. Nd5 Qf1+ (47... Qxb5 48. Nf6+ Kh8 49. Nd5+ Kg8 50. Nf6+ Kf8 51. Nd5 $11) 48. Kg3 Qg1+ (48... Bxb5 49. Qe4+ Kg8 50. Qg4+ Kf8 51. Qd4 Qg1+ 52. Kf3 Qf1+ 53. Kg3 Qe1+ 54. Kf3 Qh1+ 55. Kg3 Qe1+ 56. Kf3 Be2+ 57. Ke4 Qh4+ 58. Nf4 Qe7+ 59. Kf5 Qg5+ 60. Ke4 f5+ 61. Ke5 Qg7+ 62. Kxf5 Qxd4 63. Ne6+ Kf7 64. Nxd4 Bd3+ 65. Ke5 $19) 49. Kf3 Qf1+ (49... Bxb5 50. Nf6+ Kg6 51. Qxb5 Qd1+ 52. Kf2 (52. Ke4 Qh1+ 53. Kf4 Qxh2+ 54. Kf3 Qh3+ 55. Ke2 Kxf6 $17) 52... Qd2+ 53. Kf3 Kxf6 54. Qxb6+ Kg7 55. Qc5 $17) 50. Kg3 Qg1+ (50... Bxb5 $2 {is the wrong capture.} 51. Qe4+ Kg8 52. Qg4+ Kf8 53. Qc8+ Be8 54. Qd8 Qg1+ 55. Kf3 Qh1+ 56. Kg3 $19) 51. Kf3 $1 Qg5 ({Inferior is} 51... Bxb5 52. Nf6+ Kg6 53. Qxb5 Qd1+ 54. Kg2 (54. Ke4 Qh1+ 55. Kf4 Qxh2+ 56. Kf3 Qh3+ 57. Ke2 Kxf6 $17) 54... Qd2+ 55. Kf3 Kxf6 56. Qxb6+ Kg7 57. Qc5 $17) 52. Qd4 Bxb5 53. h4 Qf5+ 54. Kg3 h5 {[%emt 0:01:29] Hoping for ...a4.} ({Don't go for} 54... Be2 $2 55. Nf4 Qg4+ 56. Kf2 $19) 55. Nf6+ (55. Nxb6 $142 a4 56. Nd5) 55... Kg6 56. Qxb6 Qe5+ 57. Kg2 Bf1+ {[%emt 0:00:06] Weighted Error Value: White=0.43/Black=0.35} 0-1

[Event "13th London Chess Classic 2023"]
[Site "London"]
[Date "2023.12.05"]
[Round "5.5"]
[White "Tabatabaei, M. Amin"]
[Black "Niemann, Hans Moke"]
[Result "1/2-1/2"]
[ECO "E32"]
[WhiteElo "2694"]
[BlackElo "2659"]
[Annotator "TA"]
[PlyCount "62"]
[EventDate "2023.11.27"]
[EventType "tourn"]
[EventCountry "ENG"]
[SourceTitle "playchess.com"]
[Source "ChessBase"]
[SourceQuality "1"]
[TimeControl "40/5400+30:1800+30"]

1. d4 Nf6 2. c4 e6 3. Nc3 Bb4 4. Qc2 O-O 5. e4 d5 6. e5 Ne4 7. Bd3 c5 $1 {[%emt 0:00:18] The position is equal.} 8. Nge2 {[%emt 0:00:42] E32: Nimzo-Indian: Classical (4 Qc2): 4...0-0.} cxd4 9. Nxd4 Nd7 10. Bf4 (10. Bxe4 {simplifies} dxe4 11. Qxe4 f5 12. Qf4) 10... Qh4 11. g3 Qh5 12. O-O g5 13. cxd5 gxf4 14. dxe6 Nxc3 15. exd7 fxg3 16. hxg3 (16. bxc3 $2 Qxh2#) 16... Bxd7 {[%emt 0:00:07] [#] Threatens to win with ...Ba4.} 17. bxc3 Rac8 18. Bf5 Bxc3 {[%emt 0:00:20] A strong pair of Bishops.} ({Don't take} 18... Rxc3 19. Qe4 Bc8 20. Rac1 $16) 19. Qd1 (19. Bxd7 {simplifies} Bxa1 20. Bxc8 Bxd4 21. Bxb7 Qxe5 22. Kg2) 19... Qxd1 20. Raxd1 Rc4 ({But not} 20... Bxf5 21. Nxf5 Rc7 22. Rd5 $14) 21. Bxd7 {[%emt 0:00:09][%cal Oe5e6] [#] Strongly threatening e6!} Rxd4 22. Rxd4 Bxd4 $11 {[%emt 0:00:06][%mdl 4096] [#] Endgame KRB-KRB} 23. e6 $146 ({Predecessor:} 23. Re1 Rd8 24. e6 fxe6 25. Bxe6+ Kg7 26. Kg2 Re8 27. Re4 Bc5 28. Bd5 Rxe4 29. Bxe4 b6 30. f4 h6 31. Kf3 Kf6 32. Kg2 Kg7 33. Kf3 Kf6 34. Kg2 Kg7 {½-½ Mamedyarov,S (2757)-Nepomniachtchi,I (2792) Sinquefield Cup 9th 2022 (7)}) 23... fxe6 24. Bxe6+ Kg7 25. Kg2 b5 26. f4 Re8 27. Bb3 a5 28. Rd1 Rd8 29. a4 b4 30. g4 Bb6 31. Rxd8 Bxd8 {[%emt 0:00:05] An even fight not without its subleties.   Weighted Error Value: White=0.01 (flawless) /Black=0.02 (flawless)} 1/2-1/2

[Event "13th London Chess Classic 2023"]
[Site "London"]
[Date "2023.12.07"]
[Round "6.1"]
[White "Volokitin, Andrei"]
[Black "Niemann, Hans Moke"]
[Result "1-0"]
[ECO "C67"]
[WhiteElo "2660"]
[BlackElo "2659"]
[Annotator "TA"]
[PlyCount "77"]
[EventDate "2023.11.27"]
[EventType "tourn"]
[EventCountry "ENG"]
[SourceTitle "playchess.com"]
[Source "ChessBase"]
[SourceQuality "1"]
[TimeControl "40/5400+30:1800+30"]

1. e4 e5 2. Nf3 Nc6 3. Bb5 Nf6 4. O-O Nxe4 5. d4 Nd6 6. Bxc6 dxc6 7. dxe5 Nf5 8. Qxd8+ Kxd8 9. h3 Be7 {[%emt 0:00:41] C67: Ruy Lopez: Berlin Defence: 4 0-0 Nxe4.} 10. Nc3 Nh4 {[%emt 0:00:23] Hoping for ...Nxf3+.} 11. Nxh4 Bxh4 {[%emt 0:00:40] The position is equal.} 12. Be3 h5 {[%emt 0:02:13] Black is weak on the dark squares} 13. Ne2 Ke8 {[%emt 0:01:14] [#]} 14. f3 $5 $146 {[%emt 0:00:24][%cal Bf2f3,Bf3g4,Bg4g5][%mdl 8] An interesting novelty.} ({Predecessor:} 14. Rad1 Be7 15. f4 g6 16. Rd2 h4 17. Nd4 a6 18. Nb3 b6 19. Nd4 c5 20. Nc6 {½-½ Vachier Lagrave,M (2784)-So,W (2770) Airthings Masters KO rapid 2020 (1.11)}) 14... Be7 15. g4 f5 16. exf6 gxf6 17. Nf4 hxg4 18. fxg4 f5 (18... Kf7 $14) 19. Rae1 ({White should play} 19. Bd4 Rh7 20. Rae1) 19... Kf7 $16 20. Bd4 $36 {[%emt 0:01:35][%mdl 2048] Keeping Black busy.} Rd8 {[%emt 0:14:12] [#]} 21. Rxe7+ Kxe7 $11 22. Bc5+ Kf7 {[%emt 0:00:30] Strongly threatening ...b6.} 23. g5 $1 {[%emt 0:00:04][%mdl 1024] White has compensation.} Rg8 24. h4 Be6 (24... b6 $1 $14 25. Bd4 Ba6 26. g6+ Rxg6+ 27. Nxg6 Kxg6 28. h5+ Kg5 29. Be3+ Kxh5 30. Rxf5+ Kg6) 25. Kf2 $1 $16 Rg6 26. Rg1 {[%emt 0:00:00] h5 would be deadly.} Rag8 27. Re1 (27. Bxa7 $6 b6 $14) 27... Re8 28. Rg1 {[%emt 0:00:00] White has more active pieces.} (28. b3 $142) 28... Reg8 $1 29. Bd4 {[%emt 0:00:00] Prevents a6} (29. Bxa7 $6 b6 $14) 29... Bd5 30. Be5 $1 (30. Bxa7 b6 31. c4 (31. Nxg6 Kxg6 32. Rd1 Ra8 $15) 31... Bxc4 $11) 30... b5 31. Bxc7 Be4 32. Rd1 {[%emt 0:01:03] Rd7+ is the strong threat.} Bxc2 $2 (32... Bd5 {was called for.} 33. Nxg6 Kxg6) 33. Rd7+ $18 Ke8 34. Rd8+ Kf7 {[%emt 0:00:07] [#]} 35. Rd7+ ({Much less strong is} 35. Nxg6 $6 Rxd8 36. Ne5+ (36. Bxd8 Kxg6 37. Kf3 c5 $14) 36... Ke6 $16) (35. Rd2 $142 $1 Be4 36. Rd7+ Ke8 37. Rd8+ Kf7 38. Nxg6 Rxd8 39. Ne5+ Ke6 40. Bxd8) 35... Ke8 {[%emt 0:00:10] [#]} 36. Rd2 R6g7 (36... Be4 {keeps fighting.} 37. Be5 Rxg5) 37. Be5 Rh7 (37... Re7 $142 38. Bf6 (38. Rxc2 Rxe5 39. Rxc6 Kd8 $18) 38... Be4) 38. Bf6 {[%emt 0:00:36] Threatening mate with Rd8+.} Rf8 39. Rd8+ {[%emt 0:00:20] Weighted Error Value: White=0.30/Black=0.45} 1-0

[Event "13th London Chess Classic 2023"]
[Site "London"]
[Date "2023.12.07"]
[Round "6.2"]
[White "Bartel, Mateusz"]
[Black "Tabatabaei, M. Amin"]
[Result "0-1"]
[ECO "A19"]
[WhiteElo "2651"]
[BlackElo "2694"]
[Annotator "TA"]
[PlyCount "78"]
[EventDate "2023.11.27"]
[EventType "tourn"]
[EventCountry "ENG"]
[SourceTitle "playchess.com"]
[Source "ChessBase"]
[SourceQuality "1"]
[TimeControl "40/5400+30:1800+30"]

1. c4 e6 2. Nc3 Nf6 3. e4 c5 4. e5 Ng8 5. d4 cxd4 6. Qxd4 Nc6 7. Qf4 {[%emt 0:00:23] is currently scoring better than 7.Qe4. A19: English Opening: Flohr-Mikenas System with 3...c5.} d6 8. Nf3 Nh6 {[%emt 0:00:34] [#]} 9. Qe4 $146 {[%emt 0:00:07] White has an edge.} ({Predecessor:} 9. exd6 Bxd6 10. Qg5 Qxg5 11. Bxg5 f5 12. O-O-O Bc5 13. Ne5 Nf7 14. Nxc6 bxc6 15. Be3 Bxe3+ 16. fxe3 {0-1 Caruana,F (2792)-Rapport,R (2763) Tata Steel-A 84th 2022 (10)}) 9... dxe5 10. Bxh6 gxh6 11. Nxe5 Qb6 12. O-O-O (12. Be2 {simplifies} Bg7 13. Nxc6 Qxc6 14. Qxc6+ bxc6 15. O-O-O) 12... Bg7 13. Na4 ({White should play} 13. Nxc6 $14 bxc6 14. Na4) 13... Qc7 $36 {[%emt 0:05:46][%mdl 2048] Black is more active.} 14. Nxc6 {[%emt 0:00:14] aiming for Rd8+.} bxc6 (14... Bd7 $1 $15) 15. g4 (15. c5 $14) 15... Rb8 16. c5 O-O $1 17. Bd3 Rd8 $1 {[%emt 0:00:13] Hoping for ...Rd4.} 18. Bc2 Rd5 19. f4 Qa5 {[%emt 0:03:50] Dancing on a razor blade.} (19... f5 20. gxf5 Rxf5 21. Kb1 $16) 20. a3 {[%emt 0:17:06] [#] Repels Rb4} (20. b3 $17) 20... Rxb2 $3 $19 21. Nxb2 (21. Qxh7+ $2 Kf8 $19) 21... Qxa3 22. Rxd5 Bxb2+ 23. Kd2 (23. Kd1 $2 cxd5 24. Qxh7+ Kf8 $19) 23... cxd5 (23... exd5 $2 24. Qxh7+ Kf8 25. Qxh6+ Ke8 26. Re1+ Be6 27. Rxe6+ fxe6 28. Qxe6+ Kf8 29. Qd6+ (29. Qxc6 Qc3+ {[%mdl 64] Deflection} 30. Ke2 Qxc2+ 31. Kf3 Qd3+ 32. Kg2 Qe2+ 33. Kh3 Bc3 $15) 29... Kg8 30. Qd8+ (30. Qxc6 Qc3+ {[%mdl 64] Deflection} 31. Ke2 Qxc2+ 32. Kf3 Qe4+ 33. Kg3 Qe3+ 34. Kg2 Qxf4 $17) 30... Kf7 31. Qd7+ Kf8 32. Qd8+ (32. Qxc6 Qc3+ {[%mdl 64] Deflection} 33. Ke2 Qxc2+ 34. Kf3 Qd3+ 35. Kg2 Qe2+ 36. Kh3 Qe3+ 37. Kh4 Qe1+ 38. Kh3 Qc3+ 39. Kg2 Qd2+ 40. Kf3 Qd3+ 41. Kg2 Qe4+ 42. Kg3 Qe3+ 43. Kh4 a5 $17) 32... Kf7 33. Qd7+ Kf8 34. Qd8+ (34. Qxc6 Qc3+ {[%mdl 64] Deflection} 35. Ke2 Qxc2+ 36. Kf3 Qe4+ 37. Kg3 Qe3+ 38. Kh4 a5 $15) 34... Kf7 $18) 24. Qe3 {[%emt 0:02:18] Against Qc3+} Qb4+ 25. Ke2 Ba6+ 26. Bd3 $2 (26. Kf3 {nothing else works.}) 26... Bd4 $1 ({Avoid the trap} 26... Bxd3+ $2 27. Qxd3 Qxf4 28. h3 $19) 27. Qd2 Bc3 {[%emt 0:00:10] This pair of bishops is nice.} (27... Qxc5 $2 28. Bxa6 Bc3 29. Qe3 $18) 28. Qe3 {[%emt 0:00:24] [#]} Qb2+ $1 29. Kf3 {[%emt 0:01:00] Threatens to win with Rb1.} Bd2 $2 (29... Bb7 $19 {And now ...d4+ would win.} 30. Qg1 d4+ 31. Kg3 Qd2) 30. Rb1 $2 {[%emt 0:00:05][%mdl 8192] Loses the game.} (30. Qe2 $1 $11 {and White is okay.} Qc3 31. Rd1 Bxd3 32. Qxd2 Be4+ 33. Ke2 Qf3+ 34. Ke1) 30... Qxb1 31. Bxb1 {[%emt 0:00:02] Black is clearly winning.} Bxe3 32. Kxe3 {[%emt 0:00:05][%mdl 4096] Endgame KB-KB} Bb7 33. Kd4 f6 {[%emt 0:00:06] ...Bc6 is the strong threat.} 34. Bd3 {[%emt 0:01:10] [#]} Bc6 {[%emt 0:00:05] Dodges Bb5} 35. Ba6 Kf7 36. h4 {[%emt 0:03:06] [#]} h5 $1 37. g5 {[%emt 0:06:10] [#]} (37. gxh5 h6) 37... e5+ $1 38. Ke3 fxg5 39. fxg5 {[%emt 0:00:17] [#]} h6 $1 {[%emt 0:00:29] A cool game by Tabatabaei.   Weighted Error Value: White=0.60/Black=0.16 (very precise)} 0-1